 Dungeon Crawl Stone Soup version 0.15-a0-717-ga3c592f (webtiles) character file.

871 PolkaDot the Sneak (level 7, 0/49 HPs)
             Began as a Vampire Assassin on May 10, 2014.
             Succumbed to a scorpion's poison
             ... on Level 5 of the Dungeon.
             The game lasted 00:12:28 (3837 turns).

PolkaDot the Sneak (Vampire Assassin)               Turns: 3837, Time: 00:12:28

HP   0/49        AC  3     Str 10      XL: 7   Next: 73%
MP  16/16        EV 13     Int 15      God:
Gold 218         SH  0     Dex 15      Spells:  0 memorised,  6 levels left

rFire  . . .     SeeInvis +     l - +7 lajatang of Order {silver, rMut}
rCold  . . .     Clarity  .     c - +0 robe
rNeg   . . .     Conserve .     (no shield)
rPois  .         rCorr    .     (no helmet)
rElec  .         rRot     .     d - +0 cloak
SustAb . .       Spirit   .     (no gloves)
rMut   +         Warding  .     (no boots)
Gourm  .         Stasis   .     (no amulet)
MR     .....                    (no ring)
                                q - ring of magical power

@: regenerating quickly, lethally poisoned, not resistant to hostile
enchantments, stealthy
A: bottle blood, fangs 3, see invisible, unbreathing
a: Bottle Blood


You were on level 5 of the Dungeon.
You were very full.

You visited 2 branches of the dungeon, and saw 6 of its levels.

You collected 218 gold pieces.

Inventory:

Hand weapons
 b - a +1 blowgun
 l - the +7,+7 lajatang of Order (weapon) {silver, rMut}
   (You found it on level 4 of the Dungeon)
Missiles
 e - 54 poisoned needles
 f - 2 curare-tipped needles
Armour
 c - a +0 robe (worn)
 d - a +0 cloak (worn)
Magical devices
 g - a wand of digging (13)
 r - a wand of heal wounds (4)
Scrolls
 h - 2 scrolls of teleportation
 i - 4 scrolls of identify
 j - 4 scrolls of remove curse
 k - a scroll of blinking
 m - a scroll of fear
 n - a scroll of enchant armour
 o - a scroll of enchant weapon I
 t - a scroll of amnesia
 u - a scroll of enchant weapon II
Jewellery
 q - a ring of magical power (left hand)
Books
 a - a book of Callings

   Spells                             Type                      Level
   Summon Small Mammal                Summoning                    1
   Call Imp                           Summoning                    2
   Call Canine Familiar               Summoning                    3
   Summon Guardian Golem              Hexes/Summoning              4
   Summon Lightning Spire             Summoning/Air                4
   Summon Ice Beast                   Ice/Summoning                4
Rods
 p - a +0 rod of inaccuracy (11/11)
   (You found it on level 5 of the Dungeon)


   Skills:
 - Level 1.7 Fighting
   Level 5.3 Short Blades
 * Level 5.5 Staves
 - Level 1.5 Throwing
 - Level 3.5 Dodging
 - Level 5.8 Stealth


You had 6 spell levels left.
You didn't know any spells.

Dungeon Overview and Level Annotations

Branches:
Dungeon (5/15)             Temple (1/1) D:5

Altars:
Ashenzari
Dithmenos
Elyvilon
Fedhas
Kikubaaqudgha
Okawaru
Sif Muna
Trog
Vehumet
Xom
Yredelemnul
Zin
The Shining One


Innate Abilities, Weirdness & Mutations

Your natural rate of healing is unusually fast.
You can bottle blood from corpses.
You have razor-sharp teeth.*
You have supernaturally acute eyesight.
You can survive without breathing.*


Message History

The scorpion poisons you!
You hit the scorpion but do no damage.
The scorpion is almost dead.
You feel very sick.
The scorpion stings you but does no damage.
You barely miss the scorpion.
The scorpion is almost dead.
* * * LOW HITPOINT WARNING * * *
You feel sick. The scorpion barely misses you.
You barely miss the scorpion.
The scorpion is almost dead.
* * * LOW HITPOINT WARNING * * *
You feel sick. The scorpion stings you!
* * * LOW HITPOINT WARNING * * *
You are more poisoned.
The scorpion poisons you!
You aren't carrying any potions.
You slash the scorpion!
You kill the scorpion!
You die...

#########..........# #
#..........# #
#..........# #
#...<......###
#..........+..
#.............
#..........###
############..........###
........@................
##################'######
#..# ##.# #.# ##### #)#
## .....# #######'####.
#.....# #.........#..
#.....# #...[%....'.#


There were no monsters in sight!

Vanquished Creatures
  2 ogres
  2 centaurs (D:5)
  2 scorpions
  A crimson imp (D:5)
  A jelly (D:5)
  An orc priest (D:5)
  2 iguanas
  2 hounds (D:4)
  An ogre skeleton (D:5)
  A hound skeleton (D:4)
  9 adders
  A worm (D:3)
  An orc zombie (D:5)
  2 oozes
  3 orcs
  2 ball pythons
  3 giant cockroaches
  6 goblins
  8 hobgoblins
  10 jackals
  2 quokkas
  18 bats
  3 giant geckos
  4 giant newts
  A hobgoblin skeleton (D:4)
  14 kobolds
  13 rats
115 creatures vanquished.

Notes
Turn   | Place    | Note
--------------------------------------------------------------
     0 | D:1      | PolkaDot, the Vampire Assassin, began the quest for the Orb.
     0 | D:1      | Reached XP level 1. HP: 16/16 MP: 1/1
   184 | D:1      | Reached XP level 2. HP: 19/22 MP: 2/2
   480 | D:1      | Reached XP level 3. HP: 27/27 MP: 3/3
  1025 | D:2      | Found a shimmering altar of Xom.
  1359 | D:2      | Reached XP level 4. HP: 33/33 MP: 4/4
  1687 | D:3      | Found a shadowy altar of Dithmenos.
  2241 | D:4      | Reached XP level 5. HP: 18/38 MP: 5/5
  2250 | D:4      | Reached skill level 5 in Short Blades
  2654 | D:4      | Reached skill level 1 in Staves
  2845 | D:4      | Reached XP level 6. HP: 42/44 MP: 6/6
  2895 | D:4      | Found a white marble altar of Elyvilon.
  2967 | D:4      | Noticed an ogre
  2978 | D:4      | Killed an ogre
  3310 | D:5      | Entered Level 5 of the Dungeon
  3395 | D:5      | Found a staircase to the Ecumenical Temple.
  3411 | D:5      | Reached XP level 7. HP: 25/49 MP: 7/7
  3426 | Temple   | Entered the Ecumenical Temple
  3798 | D:5      | Reached skill level 5 in Staves
  3837 | D:5      | Succumbed to a scorpion's poison

Action                   |  1- 3 |  4- 6 |  7- 9 || total
-------------------------+-------+-------+-------++-------
Melee: Dagger            |   158 |   138 |       ||   296
       Lajatang          |       |    60 |    31 ||    91
Evoke: Wand              |       |     1 |     1 ||     2
  Use: Potion            |     1 |     6 |       ||     7
       Scroll            |       |       |     9 ||     9
 Stab: Sleeping          |     8 |    11 |     3 ||    22
       Distracted        |     1 |       |       ||     1
       Invisible         |       |     3 |       ||     3
